 Dungeon Crawl Stone Soup version 0.28-a0-8-g6e044cfa68 (webtiles) character file.

Game seed: 1336587711229714096

165 freelancePsychic the Covered (level 5, -9/45 HPs)
             Began as a Deep Dwarf Transmuter on July 25, 2021.
             Mangled by an ogre (28 damage)
             ... on level 3 of the Dungeon.
             The game lasted 00:06:08 (1410 turns).

freelancePsychic the Covered (DDTm)                 Turns: 1410, Time: 00:06:08

Health: -9/45      AC:  5    Str: 14    XL:     5   Next: 22%
Magic:  5/7        EV: 11    Int: 14    God:
Gold:   102        SH:  0    Dex: 13    Spells: 4/7 levels left

rFire   . . .      SeeInvis .     - Unarmed
rCold   . . .      Faith    .   (no shield)
rNeg    . . .      Spirit   .   i - +0 ring mail
rPois   .          Reflect  .   (no helmet)
rElec   .          Harm     .   (no cloak)
rCorr   .          Rampage  .   (no gloves)
Will    .....                   (no boots)
Stlth   +.........              (no amulet)
HPRegen 0.00/turn               (no ring)
MPRegen 0.10/turn               (no ring)

@: no status effects
A: damage resistance, heal wounds, sense surroundings 1, no regeneration
a: Heal Wounds


You were on level 3 of the Dungeon.
You visited 1 branch of the dungeon, and saw 3 of its levels.

You collected 102 gold pieces.

Inventory:

Hand Weapons
 c - a +0 dagger
Armour
 a - a +0 robe
 i - a +0 ring mail (worn)
Scrolls
 b - 3 scrolls of blinking
 g - a scroll of immolation {unknown}
 h - a scroll of fear
 k - a scroll of magic mapping {unknown}
Potions
 d - a potion of heal wounds {unknown}
 e - 3 potions of curing {unknown}
 f - a potion of cancellation {unknown}
 j - a potion of magic {unknown}
 l - a potion of brilliance {unknown}


   Skills:
 - Level 2.0 Fighting
 + Level 3.3 Armour
 - Level 2.5 Dodging
 - Level 2.9 Unarmed Combat
 - Level 1.7 Spellcasting
 + Level 3.0 Transmutations


You had 4 spell levels left.
You knew the following spells:

 Your Spells              Type           Power      Damage    Failure   Level
a - Beastly Appendage     Tmut           18%        N/A       14%         1
b - Wereblood             Tmut           9%         N/A       21%         2

Your spell library contained the following spells:

 Spells                   Type           Power      Damage    Failure   Level
 Spider Form              Tmut/Pois      2%         N/A       61%         3
 Stone Arrow              Conj/Erth      2%         3d7       82%         3
 Ice Form                 Ice/Tmut       5%         N/A       95%         4
 Bolt of Magma            Conj/Fire/Erth 0%         4d4       100%        5
 Shatter                  Erth           0%         3d5*      100%        9


Dungeon Overview and Level Annotations

Branches:
Dungeon (3/15)

Altars:
Elyvilon


Innate Abilities, Weirdness & Mutations

You are resistant to damage.
You can heal yourself by infusing magical energy.
You passively map a small area around you.
You do not regenerate.


Message History

Your primal bloodlust is almost over.
The orc priest hits you but does no damage.
The orc misses you.
You hit the orc priest.
The orc priest is moderately wounded.
An orc comes into view. It is wielding a +0 hand axe.
The orc priest hits you with a +0 mace.
The orc hits you from afar with a +0 trident!
The orc shouts!
You punch the orc priest!
You feel a bit better.
You kill the orc priest!
Your Transmutations skill increases to level 3!
You have reached level 5!
The orc barely misses you.
A dart slug comes into view.
You closely miss the orc. The orc hits you with a +0 trident.
The orc barely misses you.
An ogre comes into view. It is wielding a +0 giant club.
You hit the orc.
The orc is severely wounded.
The orc barely misses you. The orc hits you with a +0 hand axe.
You hit the orc.
The orc is almost dead.
The orc closely misses you. The orc hits you with a +0 hand axe.
You barely miss the orc.
The orc is almost dead.
You howl as the wereblood boils in your veins!
Your primal bloodlust has ended.
The orc hits you but does no damage. The orc hits you with a +0 hand axe.
You barely miss the orc.
The orc is almost dead.
The orc closely misses you. The orc hits you with a +0 hand axe.
You hit the orc.
You kill the orc!
The orc closely misses you.
You hit the ogre.
The ogre is lightly wounded.
The ogre hits you with a +0 giant club!!
Ouch! That really hurt!
You die...

.<....#.# , , .##.)...# * o....#
* .##..#..# , , .oo.. , ...#....#
, , .... # * ##.##...# * ...#.#
........#*** * , ,.....#., *
##.##...#### , ....... ,
#..##.....########.....# ##.
##.##...#.##...@w..#..* #..
#.##.#..))....Oo.....# #.#
###.##.#.).).)..........# #.#
....##...##...........#.#* #.#
.#...##..#................* #..
...#.....#.#..♣.......#.#. #..
....##.#......♣........... #..
....##........♣......###..#####..
...........##.♣...####...........


You could see an ogre, a dart slug and an orc.

Vanquished Creatures
  2 orc priests (D:3)
  A gnoll shaman (D:2)
  3 adders
  2 dart slugs
  5 orcs (D:3)
  6 endoplasms
  A giant cockroach (D:3)
  3 goblins
  2 hobgoblins
  7 jackals
  5 ball pythons
  A bat (D:2)
  4 frilled lizards
  3 kobolds (D:1)
  3 rats
48 creatures vanquished.

Notes
Turn   | Place    | Note
-------+----------+-------------------------------------------
     0 | D:1      | freelancePsychic the Deep Dwarf Transmuter began the quest
                  | for the Orb.
     0 | D:1      | Reached XP level 1. HP: 16/16 MP: 3/3
    38 | D:1      | Reached skill level 1 in Fighting
   220 | D:1      | Reached XP level 2. HP: 23/25 MP: 2/4
   572 | D:1      | Reached skill level 1 in Armour
   715 | D:2      | Reached XP level 3. HP: 28/32 MP: 5/5
   780 | D:2      | Learned a level 2 spell: Wereblood
  1155 | D:3      | Reached XP level 4. HP: 26/39 MP: 4/6
  1325 | D:3      | Found a white marble altar of Elyvilon.
  1403 | D:3      | Reached XP level 5. HP: 23/45 MP: 5/7
  1404 | D:3      | Noticed an ogre
  1410 | D:3      | Mangled by an ogre

Illustrated notes

Levels and vault maps discovered:
D:1:      lemuel_arrival_rhombus, layout_rooms, hangedman_decor_clover_reticule
D:2:      layout_rooms
D:3:      cheibrodos_pilgrimage, layout_rooms, mainiacjoe_overflow_alcove_1,
          mainiacjoe_overflow_boulevard, elyvilon_altar_5, st_stairs_14

Skill      XL: |  1  2  3  4 |
---------------+-------------+-----
Fighting       | 1 2 |  2.0
Armour         | 1 2 3 |  3.3
Transmutations | 2 3 |  3.0
Dodging        | |  2.5
Unarmed Combat | |  2.9
Spellcasting   | |  1.7

Action                   |  1- 3 |  4- 6 || total
-------------------------+-------+-------++-------
Melee: Unarmed           |   105 |    44 ||   149
       Kick              |    14 |     7 ||    21
       Headbutt          |     7 |     5 ||    12
       Punch             |     2 |     2 ||     4
 Cast: Beastly Appendage |    16 |     6 ||    22
       Wereblood         |       |     1 ||     1
 Abil: Heal Wounds       |       |     1 ||     1
  Use: Scroll            |     2 |       ||     2
Armor: Robe              |     5 |       ||     5
       Ring mail         |    21 |    11 ||    32
Dodge: Dodged            |    62 |    25 ||    87

Table legend: (Time is in decaauts)
 A = Elapsed time spent in this place.
 B = Non-inter-level travel time spent in this place.
 C = Inter-level travel time spent in this place.
 D = Time resting spent in this place.
 E = Time spent auto-exploring this place.
 F = Levels seen in this place.
 G = Mean time per level.
                   A        B        C        D        E       F      G
               +--------+--------+--------+--------+--------+-----+--------+
         Total |   1404 |   1348 |     56 |      2 |    907 |   3 |  468.0 |
       Dungeon |   1404 |   1348 |     56 |      2 |    907 |   3 |  468.0 |
               +--------+--------+--------+--------+--------+-----+--------+

Top non-repeatable levels by time:
     D:1: 675 daAuts
     D:2: 472 daAuts
     D:3: 256 daAuts
